 Dungeon Crawl Stone Soup version 0.30-a0-782-ge64f9170bb (webtiles) character file.

Game seed: 15688022907941555267

351 nuthulu the Trooper (level 6, -13/41 HPs)
             Began as a Gargoyle Fighter on Feb 19, 2023.
             Mangled by an ogre
             ... wielding a +0 giant club
              (21 damage)
             ... on level 4 of the Dungeon.
             The game lasted 00:05:13 (4223 turns).

nuthulu the Trooper (Gargoyle Fighter)              Turns: 4223, Time: 00:05:14

Health: -13/41     AC: 13    Str: 27    XL:     6   Next: 61%
Magic:  6/6        EV:  9    Int:  9    God:
Gold:   253        SH:  4    Dex:  9    Spells: 5/5 levels left

rFire   + . .      SeeInvis .    p - +1 morningstar
rCold   . . .      Faith    .    c - +0 buckler
rNeg    + . .      Spirit   .    b - +1 scale mail
rPois   ∞          Reflect  .    o - +0 helmet
rElec   +          Harm     .    (no cloak)
rCorr   .          Rampage  .    (no gloves)
Will    .....                    (no boots) Stlth
                                 (no amulet)
HPRegen 0.26/turn                h - +6 ring of strength
MPRegen 0.10/turn                e - ring "Bimarih" {Wiz rF+ Slay+2}

@: no status effects
A: sickness immunity, AC +4, negative energy resistance 1, electricity
resistance, torment resistance 1, petrification resistance
a: no special abilities


You were on level 4 of the Dungeon.
You visited 1 branch of the dungeon, and saw 5 of its levels.

You collected 253 gold pieces.

Inventory:

Hand Weapons
 p - a +1 morningstar (weapon)
Armour
 b - a +1 scale mail (worn)
 c - a +0 buckler (worn)
 o - a +0 helmet (worn)
Jewellery
 e - the ring "Bimarih" (right hand) {Wiz rF+ Slay+2}
   (You acquired it on level 1 of the Dungeon)

   [ring of wizardry]

   It improves your spell success rate.
   Slay:      It affects your accuracy & damage with ranged weapons and melee
   (+2).
   rF:        It protects you from fire.
 h - a +6 ring of strength (left hand)
 n - a ring of resist corrosion
Scrolls
 i - 2 scrolls of teleportation
Potions
 a - a potion of magic {unknown}
 d - a potion of might
 f - a potion of cancellation {unknown}
 g - 2 potions of flight {unknown}
 j - 2 potions of attraction {unknown}
 k - a potion of ambrosia {unknown}
 l - a potion of degeneration {unknown}
 m - 2 potions of curing


   Skills:
 + Level 6.0 Fighting
 + Level 5.0 Maces & Flails
 - Level 3.2 Armour
 - Level 3.2 Shields


You had 5 spell levels left.
You didn't know any spells.
Your spell library was empty.

Dungeon Overview and Level Annotations

Branches:
Dungeon (5/15)
 Temple: D:4-7

Altars:
Dithmenos


Innate Abilities, Weirdness & Mutations

You are immune to sickness and miasma.
Your stone body is resilient. (AC +4)
You are immune to poison.
You resist negative energy. (rN+)
You are resistant to electric shocks. (rElec)
You are resistant to unholy torment.
You are immune to petrification.


Message History

You feel better.
The endoplasm jiggles.
The white imp hits you but does no damage.
You puncture the white imp!
You kill the white imp!
The jackal barely misses you.
Your Fighting skill increases to level 6!
Your Maces & Flails skill increases to level 5!
You sock the jackal!
You kill the jackal!
You sock the orc!
You kill the orc!
The endoplasm hits you.
You impale the endoplasm!!
You kill the endoplasm!
You hit the hobgoblin but do no damage. The hobgoblin barely misses you.
You closely miss the hobgoblin. You block the hobgoblin's attack.
The hobgoblin barely misses you.
You impale the hobgoblin!!
You kill the hobgoblin!
You closely miss the quokka. You block the quokka's attack.
The quokka bites you but does no damage.
You barely miss the quokka. The quokka closely misses you.
You closely miss the quokka. The quokka closely misses you.
The quokka barely misses you.
You barely miss the quokka. The quokka bites you.
You closely miss the quokka.
The quokka bites you but does no damage.
The quokka barely misses you.
You thump the quokka!
You kill the quokka!
The ogre hits you with a +0 giant club!
* * * LOW HITPOINT WARNING * * *
You hit the ogre but do no damage. You barely miss the ogre.
You block the ogre's attack.
You impale the ogre!!
The ogre is almost dead.
The ogre hits you with a +0 giant club!!
Ouch! That really hurt!
You die...

# ...# .#.# o ...
...#.##.##...#.###
.#)#...#.........#...' . #
....#.....r...##...# .. #
.$........##.....# .# #
......JO..#[.....# .:# #
..........#...#..# ...##########
..........#...#O###....##........
.....r....#####.@......##........
....####### #####....##........
... ...##........ .. ####........
. #........ #........ #........
######.## #.#


You could see an ogre.

Vanquished Creatures
  An ogre (D:5)
  An orc priest (D:4)
  An iguana (D:5)
  An orc wizard (D:5)
  4 gnolls
  4 adders
  A white imp (D:4)
  An ufetubus (D:4)
  2 worms
  2 dart slugs
  9 orcs
  6 bats
  5 endoplasms
  5 giant cockroaches
  4 goblins
  7 hobgoblins
  6 jackals
  6 quokkas
  5 ball pythons
  4 frilled lizards
  5 kobolds
  6 rats
86 creatures vanquished.

Notes
Turn   | Place    | Note
-------+----------+-------------------------------------------
     0 | D:1      | nuthulu the Gargoyle Fighter began the quest for the Orb.
     0 | D:1      | Reached XP level 1. HP: 14/14 MP: 1/1
   238 | D:1      | Reached XP level 2. HP: 19/19 MP: 2/2
   473 | D:1      | Reached XP level 3. HP: 14/24 MP: 3/3
   476 | D:1      | Reached skill level 4 in Fighting
  1082 | D:1      | Identified a scroll of acquirement
  1082 | D:1      | Acquired the ring "Bimarih" {Wiz rF+ Slay+2}
  1513 | D:2      | Found the +3 greatsling "Punk" {acid, rCorr}
  1644 | D:2      | Reached XP level 4. HP: 24/30 MP: 4/4
  2367 | D:3      | Found a shadowy altar of Dithmenos.
  2943 | D:3      | Reached XP level 5. HP: 34/34 MP: 5/5
  3441 | D:4      | Reached skill level 5 in Fighting
  3814 | D:5      | Entered Level 5 of the Dungeon
  3932 | D:5      | Reached XP level 6. HP: 40/40 MP: 6/6
  4209 | D:4      | Reached skill level 6 in Fighting
  4209 | D:4      | Reached skill level 5 in Maces & Flails
  4223 | D:4      | Mangled by an ogre

Illustrated notes

Levels and vault maps discovered:
D:1:      roderic_crossed_star, layout_basic, minmay_nonomino_d4
D:2:      layout_basic
D:3:      layout_basic, mainiacjoe_overflow_catwalk, grunt_ministairs_6,
          wander_ebering_terrifying_dragon_lair
D:4:      layout_basic, chequers_serial_rivers_micro_a
D:5:      layout_basic, nicolae_eternal_life, amcnicky_mini_pool_medium,
          uniq_ijyb

Skill      XL: |  1  2  3  4  5  6 |
---------------+-------------------+-----
Fighting       | 4 5 6 |  6.0
Maces & Flails | 3 4 5 |  5.0
Armour         | |  3.2
Shields        | |  3.2

Action                     |  1- 3 |  4- 6 || total
---------------------------+-------+-------++-------
  Melee: Flail             |   135 |    47 ||   182
         Morningstar       |       |    73 ||    73
    Use: Scroll            |     8 |     6 ||    14
         Potion            |       |     1 ||     1
 Armour: Scale mail        |   120 |   102 ||   222
  Dodge: Dodged            |    91 |    94 ||   185
  Block: Buckler           |    36 |    35 ||    71

Table legend: (Time is in decaauts)
 A = Elapsed time spent in this place.
 B = Non-inter-level travel time spent in this place.
 C = Inter-level travel time spent in this place.
 D = Time resting spent in this place.
 E = Time spent auto-exploring this place.
 F = Levels seen in this place.
 G = Mean time per level.
                   A        B        C        D        E       F      G
               +--------+--------+--------+--------+--------+-----+--------+
         Total |   4302 |   4125 |    177 |    586 |   2709 |   5 |  860.4 |
       Dungeon |   4302 |   4125 |    177 |    586 |   2709 |   5 |  860.4 |
               +--------+--------+--------+--------+--------+-----+--------+

Top non-repeatable levels by time:
     D:3: 1532 daAuts
     D:1: 1299 daAuts
     D:2: 622 daAuts
     D:4: 475 daAuts
     D:5: 372 daAuts
